Cogmind - Beta 13 @@@ ROGUE MODE // 2024.06.01 @ 14:08:29 Player: wojo Result: Destroyed by S-10 Pest with Light Assault Rifle Performance ------------- Evolutions (1) 500 Regions Visited (2) 400 Robots Destroyed (17) 85 Value Destroyed (469) 469 Prototype IDs (0) 0 Alien Tech Used (0) 0 Bonus (0) 0 TOTAL SCORE: 1454 Bonus ------- None Cogmind --------- Core Integrity 0/400 Matter 123/300 Energy 250/250 System Corruption 0% Temperature Warm (188) Movement Core (200) Ox3 Location -9/Materials Parts ------- > --- POWER (1) -------- Ion Engine > --- PROPULSION (2) --- (None) > --- UTILITY (4) ------ (None) > --- WEAPON (2) ------- Assault Cannon > --- INVENTORY (5) ---- (None) Peak State ------------ > --- POWER ------------ Light Ion Engine > --- PROPULSION ------- VSS Leg VSS Leg > --- UTILITY ---------- Small Storage Unit ECM Suite > --- WEAPON ----------- Assault Cannon Assault Cannon > --- INVENTORY -------- Ion Engine VSS Leg VSS Leg Assault Cannon Assault Cannon [Rating: 16] Favorites ----------- Power Light Ion Engine Engine Light Ion Engine Propulsion Light Treads Treads Light Treads Leg VSS Leg Utility Small Storage Unit Device ECM Suite Storage Small Storage Unit Weapon Medium Laser Energy Gun Medium Laser Ballistic Gun Light Assault Rifle Ballistic Cannon Assault Cannon Launcher Grenade Launcher Build | -11 -10 -9 ------- Run | Yrd Mat Mat Slots Evolved 2 | . . 2 Power . | . . . Propulsion . | . . . Utility 2 | . . 2 Weapon . | . . . Parts Attached 18 | 7 2 9 Power 2 | 1 . 1 Engine 2 | 1 . 1 Core . | . . . Reactor . | . . . Propulsion 6 | 2 . 4 Treads 2 | 2 . . Leg 4 | . . 4 Wheel . | . . . Hover . | . . . Flight . | . . . Utility 2 | 1 1 . Device 1 | . 1 . Storage 1 | 1 . . Processor . | . . . Hackware . | . . . Protection . | . . . Artifact . | . . . Weapon 8 | 3 1 4 Energy Gun 2 | 2 . . Energy Cannon . | . . . Ballistic Gun 1 | 1 . . Ballistic Cannon 4 | . . 4 Launcher 1 | . 1 . Special Weapon . | . . . Impact Weapon . | . . . Slashing Weapon . | . . . Piercing Weapon . | . . . Special Melee Weapon . | . . . Unidentified Prototypes . | . . . Parts Lost 11 | . . 11 Power 1 | . . 1 Propulsion 4 | . . 4 Utility 2 | . . 2 Weapon 4 | . . 4 Highest Loss Streak 7 | . . 7 To Critical Strikes . | . . . Average Slot Usage (%) 81 | . 95 63 Engine 12 | . 14 9 Treads 18 | . 28 5 Leg 5 | . . 12 Device 9 | . 10 8 Storage 11 | . 14 8 Energy Gun 10 | . 15 3 Ballistic Cannon 3 | . . 9 Launcher 9 | . 12 5 Naked Turns . | . . . Heaviest Build 20 | 12 15 20 Greatest Support 40 | 40 40 40 Greatest Overweight (x) 4 | . . 4 Average Overweight (x) . | . . . Largest Inventory Capacity 8 | 8 8 8 Average Capacity 7 | 7 8 7 Most Carried 8 | 4 5 8 Average Carried 4 | 1 4 4 Final Capacity 8 | 8 8 5 Final Carried 5 | 4 5 . Class Distribution -------------------- 100% | Mutant Dominant Class ---------------- Mutant | -10/Materials Mutant | -9/Materials Resources | -11 -10 -9 ----------- Run | Yrd Mat Mat Matter Collected 330 | 235 2 93 Remotely . | . . . Salvage Created 274 | . 21 253 Parts 23 | . 6 17 Haulers Intercepted . | . . . Recyclers Shooed 1 | . . 1 Parts Field Recycled . | . . . Retrieved Matter . | . . . Parts Self-Destructed . | . . . Prevented . | . . . Kills | -11 -10 -9 ------- Run | Yrd Mat Mat Combat Hostiles Destroyed 15 | . 3 12 Guns 1 | . 1 . Cannons 10 | . . 10 AOE 4 | . 2 2 Classes Destroyed 6 | . 2 4 Worker 1 | . . 1 Operator 1 | . 1 . Swarmer 6 | . 3 3 Grunt 4 | . . 4 Brawler 1 | . . 1 Sentry 4 | . . 4 Best Kill Streak 7 | . 3 7 Combat Bots Only 7 | . 3 7 Max Kills in Single Turn 2 | . 1 2 Gunslinging . | . . . Exploded 1 | . 1 1 Melee . | . . . Uniques/NPCs Destroyed . | . . . Combat | -11 -10 -9 -------- Run | Yrd Mat Mat Hostile Shots Fired 234 | . 11 223 Missed 63 | . 1 62 Damage Taken 1803 | . 112 1691 Core 408 | . . 408 Absorbed by Shields . | . . . Core Remaining (%) 100 | 100 100 . Volleys Fired 30 | . 6 24 Largest 2 | . 2 2 Hottest 88 | . 80 88 Shots Fired 58 | . 12 46 Gun 6 | . 6 . Cannon 38 | . . 38 Launcher 14 | . 6 8 Special . | . . . Kinetic 38 | . . 38 Thermal 6 | . 6 . Explosive 14 | . 6 8 Electromagnetic . | . . . Robot Hit Streak 23 | . 1 23 Robot Miss Streak 5 | . 5 4 Penetration Max . | . . . Secondary Targets . | . . . Shots Hit Robots 33 | . 3 30 Core Hits 25 | . 6 19 Critical Kills . | . . . Critical Parts Destroyed . | . . . Critical Strikes . | . . . Melee Attacks . | . . . Impact . | . . . Slashing . | . . . Piercing . | . . . Sneak Attacks . | . . . Combat Hostiles . | . . . Follow-up Attacks . | . . . Damage Inflicted 1440 | 5 277 1158 Guns 13 | . 13 . Cannons 782 | . . 782 Explosions 574 | . 264 310 Melee . | . . . Ramming 71 | 5 . 66 Kinetic 782 | . . 782 Thermal 13 | . 13 . Explosive 574 | . 264 310 Electromagnetic . | . . . Impact . | . . . Slashing . | . . . Piercing . | . . . Highest Corruption . | . . . Average Corruption . | . . . Corruption Purged . | . . . Corruption Blocked . | . . . Overload Shots . | . . . Overflow Damage 46 | . 32 14 Projectiles 10 | . . 10 Explosions 36 | . 32 4 Melee . | . . . Knockbacks . | . . . Impact . | . . . Kinetic . | . . . Secondary . | . . . Self-Inflicted Damage 62 | . 17 45 Shots 3 | . 1 2 Rammed 2 | 2 . . Targets Rammed 38 | 2 . 36 Kicked 36 | . . 36 Crushed . | . . . Highest Temperature 221 | . 36 221 Average Temperature 69 | . 18 81 Received Heat Transfer 318 | . 27 291 Siege Activations . | . . . Robots Corrupted . | . . . Combat Hostiles . | . . . Parts Fried . | . . . Impact Corruptions . | . . . Robots Melted . | . . . Combat Hostiles . | . . . Parts Melted . | . . . Heat Transferred 37 | . 37 . Parts Sabotaged . | . . . Parts Stolen . | . . . Parts Stripped . | . . . Power Chain Reactions . | . . . Alert | -11 -10 -9 ------- Run | Yrd Mat Mat Peak Influence 381 | . 224 381 Initial 9 | . . 9 Average 76 | . 51 135 Maximum Alert Level 1 | . 1 1 Low Security (%) 77 | 100 89 54 Level 1 22 | . 11 45 Level 2 . | . . . Level 3 . | . . . Level 4 . | . . . Level 5 . | . . . High Security . | . . . Max Security . | . . . Squads Dispatched 3 | . 1 2 Investigation . | . . . Extermination . | . . . Reinforcement 3 | . 1 2 Assault . | . . . Garrison . | . . . Intercept . | . . . Searches Triggered . | . . . Construction Impeded . | . . . Haulers Reinforced . | . . . Active Scanning Responses . | . . . Cargo Convoy Interrupts . | . . . Stealth | -11 -10 -9 --------- Run | Yrd Mat Mat Distress Signals 1 | . 1 . Communications Jammed . | . . . Distress Signals . | . . . Times Spotted 30 | . 8 22 Peak Tracking Total 11 | . 3 11 Tactical Retreats 4 | . 2 2 Traps | -11 -10 -9 ------- Run | Yrd Mat Mat Traps Triggered . | . . . Indirectly . | . . . Trap Hack Attempts . | . . . Triggered . | . . . Disarmed . | . . . Reprogrammed . | . . . Reused . | . . . Traps Extracted . | . . . Installed . | . . . Triggered . | . . . Machines | -11 -10 -9 ---------- Run | Yrd Mat Mat Machines Disabled 4 | . 3 1 Max in Single Turn 3 | . 3 1 Machines Repaired . | . . . Machines Dismantled . | . . . Machines Sabotaged . | . . . Overloaded Fab Kills . | . . . Hacking | -11 -10 -9 --------- Run | Yrd Mat Mat Machines Accessed 5 | . 3 2 Terminals 4 | . 2 2 Fabricators . | . . . Repair Stations 1 | . 1 . Recycling Units . | . . . Scanalyzers . | . . . Garrison Access . | . . . Total Hacks 7 | . 3 4 Successful 4 | . 1 3 Failed 3 | . 2 1 Catastrophic 2 | . 2 . Database Lockouts . | . . . Manual . | . . . Terminals 6 | . 2 4 Fabricators . | . . . Repair Stations 1 | . 1 . Recycling Units . | . . . Scanalyzers . | . . . Garrison Access . | . . . Terminal Hacks 4 | . 1 3 Record 2 | . . 2 Recycling Unit Index 1 | . . 1 Hauler Manifests 1 | . 1 . Fabricator Hacks . | . . . Repair Station Hacks . | . . . Recycling Unit Hacks . | . . . Scanalyzer . | . . . Garrison Access Hacks . | . . . Unauthorized Hacks . | . . . Terminals . | . . . Fabricators . | . . . Repair Stations . | . . . Recycling Units . | . . . Scanalyzers . | . . . Garrison Access . | . . . Data Cores Recovered 1 | . 1 . Used . | . . . Hacking Detections 2 | . . 2 Full Trace Events . | . . . Feedback Events . | . . . Feedback Blocked . | . . . Robot Schematics Acquired . | . . . Robots Built . | . . . Authchips . | . . . Time . | . . . Total Robot Build Rating . | . . . Part Schematics Acquired . | . . . Parts Built . | . . . Authchips . | . . . Time . | . . . Total Part Build Rating . | . . . Parts Repaired . | . . . Time . | . . . Parts Recycled . | . . . Recycled Matter . | . . . Retrieved Matter . | . . . Retrieved Components . | . . . Parts Scanalyzed . | . . . Part Schematics Acquired . | . . . Parts Damaged . | . . . Bothacking | -11 -10 -9 ------------ Run | Yrd Mat Mat Used RIF Installer . | . . . Robots Hacked . | . . . Non-combat . | . . . Combat . | . . . Robot Hacks Applied . | . . . Relay Couplers Released . | . . . Fabnet Peak Effective % . | . . . Robots Rewired . | . . . Allies Hacked . | . . . Hacks Repelled . | . . . Allies | -11 -10 -9 -------- Run | Yrd Mat Mat Total Allies . | . . . Largest Group . | . . . Highest-Rated Group . | . . . Highest-Rated Ally . | . . . Total Orders . | . . . Ally Attacks . | . . . Total Damage . | . . . Kills . | . . . Allies Corrupted . | . . . Allies Melted . | . . . Intel | -11 -10 -9 ------- Run | Yrd Mat Mat Robot Analysis Total . | . . . Derelict Logs Recovered . | . . . Drone Launches . | . . . Drone Recoveries . | . . . Exploration | -11 -10 -9 ------------- Run | Yrd Mat Mat Turns Passed 796 | 98 400 298 Spaces Moved 414 | 52 237 125 Core 7 | 2 . 5 Treads 325 | 50 237 38 Legs 82 | . . 82 Wheels . | . . . Hover . | . . . Flight . | . . . Fastest Speed 50 | 50 160 90 Average Speed 152 | 155 160 136 Slowest Speed 250 | 160 160 250 Overloaded Moves . | . . . Propulsion Burnouts . | . . . Robots Hopped . | . . . Cave-ins Triggered . | . . . Exploration Rate (%) 22 | 4 45 19 Regions Visited 2 Branch Regions . Pre-discovered Areas . | . . . Known Exits Taken . | . . . Unknown Exits Taken 2 | 1 1 . Scrap Searched . | . . . Spaces Dug 4 | . 4 . Terrain Destroyed 106 | . 72 34 Melee . | . . . Projectile 5 | . . 5 AOE 101 | . 72 29 Terrain Rammed . | . . . Walls Destroyed . | . . . Machines Disabled . | . . . Actions | -11 -10 -9 --------- Run | Yrd Mat Mat Total 517 | 64 245 208 Wait 1 | . . 1 Move 412 | 51 236 125 Hop . | . . . Pick Up 11 | 4 1 6 Fast Attach 9 | 6 1 2 Attach 6 | . . 6 Detach . | . . . Swap 3 | 1 1 1 Drop 7 | . . 7 Fire 30 | . 6 24 Melee . | . . . Ram . | . . . Kick 36 | . . 36 Crush 2 | 2 . . Escape Stasis . | . . . Rewire . | . . . Trap . | . . . Miscellaneous . | . . . Route ------- -11/Scrapyard -10/Materials -9/Materials (discovered 1 exit: [*Min]) History --------- Turn | Location | Event 10 | -11/Scrapyard | Discovered new exit (range 15) 99 | -11/Scrapyard | Entered Materials 306 | -10/Materials | Build established: Mutant 465 | -10/Materials | Discovered new exit (range 13) 499 | -10/Materials | Entered another Materials area 499 | -9/Materials | Evolved 2 slots: Utility x2 680 | -9/Materials | Discovered new exit (range 15) 728 | -9/Materials | Core integrity fell below 50% 776 | -9/Materials | Core integrity fell below 20% 782 | -9/Materials | Lost 7 parts (1p2n2u2w) 797 | -9/Materials | Destroyed by S-10 Pest with Light Assault Rifle Last Messages --------------- Kicked S-10 Pest out of the way. Kicked S-10 Pest. Kicked S-10 Pest out of the way. VSS Leg destroyed. Kicked S-10 Pest. Kicked S-10 Pest out of the way. Kicked S-10 Pest. G-34 Mercenary destroyed. K-01 Serf cleans the Terminal. Y-45 Defender destroyed. Destroyed Flight Unit. Y-45 Defender destroyed. S-10 Pest destroyed. K-01 Serf collects debris. VSS Leg destroyed. S-10 Pest destroyed. Y-45 Defender destroyed. Acquired 63 matter. K-01 Serf collects debris. Assault Cannon destroyed. Map ----- +----------------------------------------------------+ | ?????????????????????????????????????????????????? | | ?????????????????????????????????????????????????? | | ?????????????????????????????????????????????????? | | ?????????????????????????????????????????????????? | | ?????????????????????????????????????????????????? | | ?????????????????????????????????????????????????? | | ?????????????????????????????????????????????????? | | ?????????????????????????????????????????????????? | | ?????????????????????????????????????????????????? | | ????????????????????????? ???????????????????????? | | ????????????????????????? ???????????????????????? | | ????????????????????????? ???????????????????????? | | ????????????????????????? ???????????????????????? | | ????????????????????????? ???????????????????????? | | ????????????????????????? ???????????????????????? | | ????????????????????????? ???????????????????????? | | ????????????????????????# #??????????????????????? | | ????????????????????????# #??????????????????????? | | ????????????????????????# #??????????????????????? | | ????????????????????????# #??????????????????????? | | ????????????????????????# #??????????????????????? | | ????????????????????????#[#??????????????????????? | | ????????????????????????#*#??????????????????????? | | ????????????????????????#k#??????????????????????? | | ????????????????????????#s##?????????????????????? | | ????????????????????????#@s#?????????????????????? | | ????????????????????????#Y#%#????????????????????? | | ????????????????????????#u###????????????????????? | | ????????????????????????#u#??????????????????????? | | ????????????????????????#u#??????????????????????? | | ????????????????????????#=#??????????????????????? | | ????????????????????????#!#?###??????????????????? | | ????????????????????????# ### #######????????????? | | ?????????????###+######## # #????????????? | | ???????????+ "%" / #????????????? | | ???????????????# ####### #????????????? | | ???????????????# ## # **! #????????????? | | ???????????????# =% # ** """ #????????????? | | ?? ????????????# *%[%# **= """ #????????????? | | ?" ??????????## ! # %*%""" #????????????? | | ?" ?????????##" = # [ #???#####????? | | "" ?????????# # =%# ########+## #????? | | ?????????# # * ######## ? | | ?????#???# # < ? | | "" ##### ##?### ? | | "" ? #???# ## ####?? | | "" # "" #???# #? "!"|" #????? | | " T" #???# ############### #??"!"|""#????? | | "" #???# #?????????????# #??######?????? | | !? #???# #?????????????# #?????????????? | +----------------------------------------------------+ Best States ------------- Heat Dissipation 28 Energy Generation 10 Energy Capacity 250 Matter Stores 274 Matter Capacity 300 Sight Range 16 Terrain Scan Density 10 ECM Strength 1 Evasion (%) 57 Recoil Reduction 2 Item Schematics ----------------- None Robot Schematics ------------------ None Fabricated ------------ Nothing Alien Tech Used ----------------- None Achievements -------------- None Challenges ------------ None Game ------ Seed FlakAutogunPendant Manual? 0 Play Time 00:11:40 Cumulative 8.0 hours Start 2024.06.01 @ 13:58:39 End 2024.06.01 @ 14:08:29 Sessions 1 Manual Loads 0 Difficulty Rogue Special Mode None Game No. 15 Rogue 15 Adventurer 0 Explorer 0 Win Type - Total 0 Types 0/0/0/0/0/0/0/0/0 Lore% 7 Gallery% 14 Achievement% 14 Wizard Run 0 Options --------- Layout 1 ASCII 0 Keyboard 0 Movement Arrows Keybinds 0 Fullscreen 1 Font 16/SmallcapsGlow Map View 50x40 Zoom Use 0% Tactical HUD 0 Map Filters NONE Filters NONE Steam SD RUN: 49081632-6375-4526-afbb-d6df2303fba7